 Dungeon Crawl Stone Soup version 0.28.0-45-g0d030f2227 (webtiles) character file.

Game seed: 11600602609557083196

3051 pkoi the Chiller (level 9, -6/71 HPs)
             Began as a Demigod Ice Elementalist on Apr 14, 2022.
             Mangled by an eight-headed hydra (14 damage)
             ... on level 1 of the Lair of Beasts.
             The game lasted 00:20:42 (11994 turns).

pkoi the Chiller (Demigod Ice Elementalist)        Turns: 11994, Time: 00:20:43

Health: -6/71      AC:  4    Str:  9    XL:     9   Next: 31%
Magic:  32/36      EV: 13    Int: 29    God:
Gold:   456        SH:  0    Dex: 14    Spells: 3/15 levels left

rFire   . . .      SeeInvis .   k - +3 dagger (venom)
rCold   . . .      Faith    .   (no shield)
rNeg    . . .      Spirit   .   a - +0 robe
rPois   .          Reflect  .   e - +1 helmet
rElec   .          Harm     .   (no cloak)
rCorr   .          Rampage  .   (no gloves)
Will    .....                   (no boots)
Stlth   ++........              (no amulet)
HPRegen 0.21/turn               r - ring of magical power
MPRegen 0.25/turn               u - ring of magical power

@: freezing walls
A: high MP 1, forlorn, divine attributes
a: no special abilities


You were on level 1 of the Lair of Beasts.
You visited 2 branches of the dungeon, and saw 9 of its levels.
You also visited: Sewer.

You collected 456 gold pieces.

Inventory:

Hand Weapons
 b - a +0 dagger of protection
 c - a +0 short sword of holy wrath
 k - a +3 dagger of venom (weapon)
Missiles
 n - 7 poisoned darts
Armour
 a - a +0 robe (worn)
 e - a +1 helmet (worn)
Jewellery
 r - a ring of magical power (left hand)
 t - an amulet of guardian spirit
 u - a ring of magical power (right hand)
Wands
 i - a wand of polymorph (7)
Scrolls
 l - 2 scrolls of enchant armour
 p - 4 scrolls of teleportation
 q - 4 scrolls of identify
Potions
 f - 4 potions of heal wounds
 g - a potion of flight
 h - a potion of brilliance
 j - a potion of magic
 m - 2 potions of mutation
 o - 4 potions of cancellation


   Skills:
 - Level 4.0 Fighting
 + Level 4.6 Dodging
 - Level 1.7 Stealth
 * Level 3.9 Spellcasting
 * Level 3.7 Transmutations
 * Level 3.8 Fire Magic
 + Level 7.4 Ice Magic
 * Level 4.7 Poison Magic


You had 3 spell levels left.
You knew the following spells:

 Your Spells              Type           Power      Damage    Failure   Level
a - Freeze                Ice            100%       1d11      1%          1
b - Frozen Ramparts       Ice            96%        1d11      1%          3
c - Olgreb's Toxic Radia  Pois           33%        N/A       10%         4
d - Apportation           Tloc           10%        N/A       7%          1
e - Ignite Poison         Fire/Tmut/Pois 29%        N/A       4%          3

Your spell library contained the following spells:

 Spells                   Type           Power      Damage    Failure   Level
 Ozocubu's Armour         Ice            48%        N/A       1%          3
 Animate Skeleton         Necr           10%        N/A       7%          1
 Summon Small Mammal      Summ           20%        N/A       7%          1
 Mephitic Cloud           Conj/Pois/Air  14%        N/A       11%         3
 Hailstorm                Conj/Ice       27%        3d7       16%         4
 Freezing Cloud           Conj/Ice/Air   10%        6-21      56%         5
 Ozocubu's Refrigeration  Ice            24%        4d9       96%         7
 Ignition                 Fire           13%        3d6       100%        8


Dungeon Overview and Level Annotations

Branches:
Dungeon (8/15)             Temple (0/1) D:6            Lair (1/6) D:8
  Sewer (visited)

Shops:
D:5 =

Annotations:
D:7 Joseph


Innate Abilities, Weirdness & Mutations

You have an increased reservoir of magic. (+10% MP)
You shall have no god before yourself.
Your divine heritage dramatically boosts your attributes as you level up.


Message History

The eight-headed hydra is lightly wounded.
The eight-headed hydra seems to slow down.
The wall freezes the eight-headed hydra.
The eight-headed hydra seems to slow down.
The eight-headed hydra misses you. The eight-headed hydra bites you.
The eight-headed hydra bites you!
* * * LOW HITPOINT WARNING * * *
The eight-headed hydra closely misses you.
The eight-headed hydra bites you.
* * * LOW HITPOINT WARNING * * *
The eight-headed hydra bites you!
* * * LOW HITPOINT WARNING * * *
The eight-headed hydra bites you!
* * * LOW HITPOINT WARNING * * *
The eight-headed hydra closely misses you.
Unknown command.
Aiming: Freeze (safe; 1% risk of failure)
Press: ? - help, Q - select action, (/) - cycle Shift-Dir - straight line, f/p - eight-headed hydra
Aim: an eight-headed hydra (moderately wounded, slow)
You freeze the eight-headed hydra.
The eight-headed hydra is moderately wounded.
The eight-headed hydra seems to slow down.
Unknown command.
Unknown command.
Okay, then.
Okay, then.
Unknown command.
As you read the scroll of fear, it crumbles to dust.
You assume a fearsome visage.
The eight-headed hydra easily resists.
The wall freezes the eight-headed hydra.
The eight-headed hydra seems to slow down.
The eight-headed hydra bites you!
* * * LOW HITPOINT WARNING * * *
The eight-headed hydra closely misses you.
The eight-headed hydra bites you.
* * * LOW HITPOINT WARNING * * *
The eight-headed hydra bites you!
* * * LOW HITPOINT WARNING * * *
The eight-headed hydra bites you!
You die...

....................
..................#
#.............##
#............## ####
#....##....### ##..###
#.....###..##
###.....#### ##....##
##..###..........#####
#....D###
##.D##..........#.#..
#P......#
##.@#...............
##......#
##................#
#......##
##................
#.......#
##.............<.
##.......##
#...............
#.........##
##.......††#....
##.#.......#
#......##P.##...
##P........)#
#.###.########..
#...........# .# ###
##.


You could see an eight-headed hydra (slow).

Vanquished Creatures
  Prince Ribbit (D:7)
  2 water moccasins (Lair:1)
  An orc warrior (D:8)
  A black bear (D:6)
  A sky beast (D:7)
  A necrophage (D:3)
  3 ogres
  3 kobold brigands
  A gnoll sergeant (D:7)
  3 bullfrogs
  2 scorpions
  6 killer bees (D:7)
  6 howler monkeys
  An electric eel (D:8)
  A bullfrog zombie (D:7)
  4 jellies
  2 orc priests
  A centaur skeleton (D:7)
  7 hounds
  A bullfrog skeleton (D:6)
  Jessica (D:2)
  An iguana (D:5)
  5 orc wizards
  A howler monkey zombie (D:6)
  4 gnolls (D:7)
  7 adders
  A howler monkey skeleton (D:7)
  2 shadow imps
  A white imp (D:5)
  An ufetubus (D:5)
  2 adder skeletons
  A worm (D:2)
  2 dart slugs
  7 orcs
  14 bats
  9 endoplasms
  5 giant cockroaches
  6 goblins
  8 hobgoblins
  5 jackals
  21 kobolds
  7 quokkas
  5 ball pythons
  7 frilled lizards
  11 rats
182 creatures vanquished.

Notes
Turn   | Place    | Note
-------+----------+-------------------------------------------
     0 | D:1      | pkoi the Demigod Ice Elementalist began the quest for the
                  | Orb.
     0 | D:1      | Reached XP level 1. HP: 14/14 MP: 5/5
   193 | D:1      | Reached skill level 4 in Ice Magic
   427 | D:1      | Reached XP level 2. HP: 20/20 MP: 5/7
  1416 | D:2      | Noticed Jessica
  1448 | D:2      | Killed Jessica
  1449 | D:2      | Reached XP level 3. HP: 16/26 MP: 3/9
  1671 | D:2      | Learned a level 3 spell: Frozen Ramparts
  2279 | D:2      | Reached XP level 4. HP: 29/33 MP: 5/10
  2525 | D:2      | Reached skill level 5 in Ice Magic
  3224 | D:3      | Found a glowing drain.
  3239 | Sewer    | Entered a sewer
  3610 | Sewer    | Noticed a kobold brigand
  3610 | Sewer    | Noticed a kobold brigand
  3617 | Sewer    | Killed a kobold brigand
  3618 | Sewer    | Reached XP level 5. HP: 34/38 MP: 4/12
  3847 | D:3      | Reached skill level 6 in Ice Magic
  3974 | D:3      | Learned a level 4 spell: Olgreb's Toxic Radiance
  4241 | D:3      | Noticed a necrophage
  4250 | D:3      | Killed a necrophage
  4251 | D:3      | Reached skill level 1 in Poison Magic
  4251 | D:3      | Reached XP level 6. HP: 30/46 MP: 13/13
  4354 | D:3      | Learned a level 1 spell: Apportation
  5259 | D:4      | Reached skill level 1 in Fighting
  5606 | D:4      | Reached XP level 7. HP: 52/52 MP: 10/15
  5760 | D:4      | Learned a level 3 spell: Ignite Poison
  6284 | D:5      | Entered Level 5 of the Dungeon
  6705 | D:5      | Found Jolar's Jewellery Shoppe.
  7672 | D:5      | Reached skill level 1 in Fire Magic
  7770 | D:5      | Reached skill level 1 in Transmutations
  8161 | D:6      | Reached XP level 8. HP: 50/62 MP: 9/16
  8549 | D:6      | Found a staircase to the Ecumenical Temple.
  9246 | D:7      | Reached skill level 7 in Ice Magic
 10155 | D:7      | Noticed Prince Ribbit
 10161 | D:7      | Killed Prince Ribbit
 10352 | D:7      | Noticed Joseph
 11068 | D:8      | Found a staircase to the Lair.
 11492 | D:8      | Reached XP level 9. HP: 71/71 MP: 17/17
 11895 | Lair:1   | Entered Level 1 of the Lair of Beasts
 11963 | Lair:1   | Noticed an eight-headed hydra
 11994 | Lair:1   | Mangled by an eight-headed hydra

Illustrated notes

Levels and vault maps discovered:
D:1:      ncdulo_smallfort, layout_loops_ring, basic_ecumenical_altar,
          minmay_tromino_v4_c
D:2:      layout_basic, uniq_jessica
D:3:      wad_river_or_something, layout_basic, portal_sewer_entry_f
D:4:      layout_basic
D:5:      layout_loops_ring, serial_shops, nicolae_shop_hallway_stairs
D:6:      layout_loops_ring, minmay_temple_entry_mini_moons
D:7:      layout_loops_ring, mainiacjoe_overflow_tiny_flanked, uniq_joseph,
          uniq_prince_ribbit1
D:8:      black_bear_nest_1, layout_basic, gammafunk_temple_overflow_statue,
          erik_lair_island, serial_shops, kennysheep_little_box
Lair:1:   layout_cave_pods, infiniplex_staircase_pool_2

Skill      XL: |  1  2  3  4  5  6  7  8  9 |
---------------+----------------------------+-----
Ice Magic      | 4 5 6 7 |  7.4
Spellcasting   | 2 3 |  3.9
Dodging        | 2 3 4 |  4.6
Poison Magic   | 1 2 3 4 |  4.7
Fighting       | 1 2 3 4 |  4.0
Fire Magic     | 1 3 |  3.8
Transmutations | 1 3 |  3.7
Stealth        | |  1.7

Action                   |  1- 3 |  4- 6 |  7- 9 || total
-------------------------+-------+-------+-------++-------
Melee: Dagger            |    10 |   119 |   122 ||   251
       Short sword       |       |    14 |    47 ||    61
       Punch             |       |     1 |     1 ||     2
 Cast: Freeze            |    52 |    22 |     8 ||    82
       Frozen Ramparts   |     2 |    16 |    24 ||    42
       Ignite Poison     |       |       |    13 ||    13
       Olgreb's Toxic Ra |       |       |     2 ||     2
  Use: Scroll            |       |    11 |     6 ||    17
       Potion            |       |     1 |     5 ||     6
 Stab: Sleeping          |       |     2 |       ||     2
Armor: Robe              |    16 |    35 |    34 ||    85
Dodge: Dodged            |    29 |    89 |   124 ||   242
